 Dungeon Crawl Stone Soup version 0.27.1-4-g1640c2035a (webtiles) character file.

Game seed: 13147969073004384070

93 FreshCat the Cudgeller (level 4, -3/45 HPs)
             Began as a Troll Chaos Knight on Nov 2, 2021.
             Was a Plaything of Xom.
             Slain by a gnoll (21 damage)
             ... on level 2 of the Dungeon.
             The game lasted 00:06:06 (1418 turns).

FreshCat the Cudgeller (Troll Chaos Knight)         Turns: 1418, Time: 00:06:06

Health: -3/45      AC:  6    Str: 21    XL:     4   Next: 36%
Magic:  3/3        EV: 10    Int:  6    God:    Xom [......]
Gold:   88         SH:  0    Dex: 11    Spells: 3/3 levels left

rFire    . . .     SeeInvis +   a - +0 mace (chaos)
rCold    . . .     Faith    .   (no shield)
rNeg     . . .     Spirit   .   b - +2 robe
rPois    +         Reflect  .   (helmet restricted)
rElec    .         Harm     .   (no cloak)
rCorr    +         Rampage  .   (gloves unavailable)
Will     .....                  (boots unavailable)
Stlth    ..........             (no amulet)
HPRegen  1.15/turn              c - ring of Unaduath {rPois rCorr Dex+2 SInv Stlth-}
MPRegen  0.08/turn              (no ring)

@: no status effects
A: large, unfitting armour, claws 3, regeneration 1, shaggy fur 1, tough skin 1,
dopey 1
a: Renounce Religion


You were on level 2 of the Dungeon.
You worshipped Xom.
You were a very special plaything of Xom.
You visited 1 branch of the dungeon, and saw 3 of its levels.

You collected 88 gold pieces.

Inventory:

Hand Weapons
 a - a +0 mace of chaos (weapon)
Missiles
 e - 63 stones (quivered)
Armour
 b - a +2 robe (worn)
Jewellery
 c - the ring of Unaduath (left claw) {rPois rCorr Dex+2 SInv Stlth-}
   (You acquired it on level 1 of the Dungeon)

   [ring of resist corrosion]

   Dex:       It affects your dexterity (+2).
   rPois:     It protects you from poison.
   SInv:      It lets you see invisible.
   rCorr:     It protects you from acid and corrosion.
   Stlth:     It makes you less stealthy.
Scrolls
 f - a scroll of magic mapping


   Skills:
 + Level 3.1 Fighting
 + Level 3.5 Maces & Flails
 + Level 0.2 Throwing
 + Level 2.6 Dodging
 + Level 0.1 Stealth


You had 3 spell levels left.
You didn't know any spells.
Your spell library was empty.

Dungeon Overview and Level Annotations

Branches:
Dungeon (3/15)

Altars:

Annotations:
D:2 Jessica


Innate Abilities, Weirdness & Mutations

You are too large for most types of armour.
You have claws for hands.
Your natural rate of healing is unusually fast.
You are covered in fur. (AC +1)
You have tough skin. (AC +1)
You are dopey. (Int -2)


Message History

The gnoll hits you with a +0 halberd.
* * * LOW HITPOINT WARNING * * *
The gnoll misses you.
As you read the scroll labelled YLIRHY FIELAPN, it crumbles to dust.
You hear a loud clanging noise!
It was a scroll of noise.
The gnoll closely misses you. The gnoll misses you.
You thump the gnoll!
The gnoll is heavily wounded.
The gnoll barely misses you. x2
You barely miss the gnoll.
The gnoll is heavily wounded.
The gnoll barely misses you. The gnoll closely misses you.
You hit the gnoll but do no damage.
The gnoll resists with some effort.
The gnoll is heavily wounded.
The gnoll hits you but does no damage. The gnoll closely misses you.
You closely miss the gnoll.
The gnoll is heavily wounded.
The gnoll hits you with a +0 halberd.
* * * LOW HITPOINT WARNING * * *
The gnoll closely misses you. x2; The gnoll hits you but does no damage.
You hit the gnoll. Lightning courses through the gnoll!!
You kill the gnoll!
The gnoll closely misses you.
You closely miss the gnoll.
The gnoll is moderately wounded.
The gnoll hits you with a +0 halberd.
* * * LOW HITPOINT WARNING * * *
You closely miss the gnoll.
The gnoll is moderately wounded.
The gnoll barely misses you.
You sock the gnoll! You freeze the gnoll.
The gnoll is almost dead.
The gnoll closely misses you. The gnoll barely misses you.
You hit the gnoll but do no damage.
The gnoll goes berserk!
The gnoll is almost dead.
The gnoll barely misses you.
You hit the gnoll but do no damage.
The gnoll is almost dead.
The gnoll closely misses you. The gnoll hits you with a +0 halberd!!
You die...

.# .# #. ####(## #
#.####### ....... .
.......<# ####.##
#.#.####.......#
####.#####.#.#####g####.#
.....................(.>#
###..#####.#.#####.#
###............)@).#
#............##g##.#
#.#.........[#..##.#
.............#..##.####
.............#..##.##.#
#.#.#........#........#
#.#.#........#....[...#
#.#.###.##+###..##.#..#
#.#[# #.........##.#..#


You could see a gnoll (berserk).

Vanquished Creatures
  2 gnolls (D:2)
  2 adders (D:2)
  2 dart slugs (D:2)
  3 bats
  7 endoplasms
  3 giant cockroaches
  5 goblins
  4 hobgoblins
  4 jackals (D:1)
  3 quokkas
  3 ball pythons (D:1)
  3 frilled lizards (D:1)
  3 kobolds
  4 rats
48 creatures vanquished.

Vanquished Creatures (others)
  A plant (D:1)
1 creature vanquished.

Grand Total: 49 creatures vanquished

Notes
Turn   | Place    | Note
-------+----------+-------------------------------------------
     0 | D:1      | FreshCat the Troll Chaos Knight began the quest for the
                  | Orb.
     0 | D:1      | Reached XP level 1. HP: 22/22 MP: 0/0
    81 | D:1      | Reached XP level 2. HP: 29/29 MP: 1/1
   286 | D:1      | XOM: silly message
   324 | D:1      | You fall into a shaft and drop 1 floor!
   394 | D:2      | Reached XP level 3. HP: 36/36 MP: 2/2
   490 | D:2      | Noticed Jessica
   579 | D:1      | XOM: enchant monster (good)
   641 | D:1      | XOM: 2-stop teleportation journey
   883 | D:1      | Found a faded altar of an unknown god.
  1088 | D:1      | Identified a scroll of acquirement
  1088 | D:1      | Acquired the ring of Unaduath {rPois rCorr Dex+2 SInv
                  | Stlth-}
  1158 | D:2      | XOM: give mutation
  1158 | D:2      | Gained mutation: You are dopey. (Int -2) [Xom's mischief]
  1249 | D:2      | XOM: repel stairs
  1253 | D:2      | Reached XP level 4. HP: 45/45 MP: 3/3
  1418 | D:2      | Slain by a gnoll

Illustrated notes

Levels and vault maps discovered:
D:1:      minmay_arrival_four_houses, layout_loops_ring, serial_bayou,
          serial_bayou_pond_b, serial_bayou_pond_b, serial_bayou_ford_a,
          serial_bayou_shore_b, basic_ecumenical_altar
D:2:      layout_basic, uniq_jessica
D:3:      layout_rooms, mainiacjoe_overflow_alcove_1, serial_shops, shop

Skill      XL: |  1  2  3 |
---------------+----------+-----
Dodging        | 2 |  2.6
Maces & Flails | 3 |  3.5
Fighting       | 3 |  3.1
Throwing       | |  0.2
Stealth        | |  0.1

Action                   |  1- 3 |  4- 6 || total
-------------------------+-------+-------++-------
Melee: Mace              |   113 |    27 ||   140
Throw: Stone             |    19 |     1 ||    20
  Use: Scroll            |     1 |     2 ||     3
Armor: Robe              |    49 |     4 ||    53
Dodge: Dodged            |    70 |    33 ||   103
